 Dungeon Crawl Stone Soup version 0.31-a0-845-g9abc20d24f (webtiles) character file.

Game seed: 10020662156815530371

19502 night the Grappler (level 12, -11/65 HPs)
             Began as a Vine Stalker Shapeshifter on Oct 1, 2023.
             Was a Priest of Uskayaw.
             Mangled by a slime creature (13 damage)
             ... in an ice cave on Oct 2, 2023.
             The game lasted 00:25:44 (9234 turns).

night the Grappler (Vine Stalker Shapeshifter)      Turns: 9234, Time: 00:25:44

Health: -11/65     AC: 16    Str: 22    XL:     12   Next: 69%
Magic:  0/20       EV: 10    Int: 13    God:    Uskayaw [***...]
Gold:   263        SH:  5    Dex: 14    Spells: 11/11 levels left

rFire   . .          .
                       - Unarmed
rCold   + . .        D - melded +0 buckler
rNeg    . . .        k - +1 scale mail {rC+}
rPois   .            V - +0 helmet {Int+3}
rElec   .            a - +0 cloak
rCorr   .            (no gloves)
SInv    .            A - +2 pair of boots
Will    +....        s - amulet of reflection Stlth
                     p - +4 ring of protection
HPRegen 1.10/turn    (no ring)
MPRegen 0.17/turn

%: reflection, guardian spirit
@: flux-form, glowing
A: glow, contaminating, fangs 3, regeneration 1, magic shield, antimagic bite,
no potion heal 2
a: Begin Untransformation, Renounce Religion, Stomp, Line Pass


You were in an ice cave.
You worshipped Uskayaw.
Uskayaw was aware of your devotion.
You were something dangerously unstable.
You visited 3 branches of the dungeon, and saw 13 of its levels.
You also visited: Ossuary and Ice Cave.

You collected 799 gold pieces.
You spent 536 gold pieces at shops.

Inventory:

Missiles
 f - 128 stones
 u - 10 boomerangs
 C - 2 throwing nets
 G - 3 poisoned darts
 N - 5 javelins
Armour
 a - a +0 cloak (worn)
 h - a +0 scale mail
 k - a +1 scale mail of cold resistance (worn)
 z - a +2 leather armour of fire resistance
 A - a +2 pair of boots (worn)
 D - a +0 buckler (melded)
 L - +0 steam dragon scales
 V - a +0 helmet of intelligence (worn)
 Y - a scarf of shadows
Jewellery
 p - a +4 ring of protection (left hand)
 s - an amulet of reflection (around neck)
 y - a ring of ice
 F - a ring of magical power
 H - a ring of flight
 O - a ring of wizardry
Talismans
 c - a beast talisman
 d - a flux talisman (active)
Wands
 x - a wand of light (14)
 E - a wand of flame (27)
 S - a wand of paralysis (2)
 T - a wand of iceblast (7)
 W - a wand of digging (4)
Scrolls
 l - 9 scrolls of teleportation
 o - a scroll of blinking
 w - 3 scrolls of enchant armour
 B - a scroll of butterflies
 I - a scroll of enchant weapon
 J - a scroll of poison
 P - 2 scrolls of vulnerability
Potions
 b - 2 potions of lignification
 e - 5 potions of enlightenment
 g - a potion of berserk rage {unknown}
 i - 3 potions of curing
 j - 6 potions of might
 m - 3 potions of haste {unknown}
 r - 3 potions of degeneration {unknown}
 t - 7 potions of attraction {unknown}
 K - a potion of brilliance {unknown}
 M - a potion of ambrosia {unknown}
 Q - a potion of heal wounds {unknown}
 R - a potion of invisibility {unknown}


   Skills:
 + Level 8.5 Fighting
 - Level 1.5 Dodging
 * Level 13.4 Unarmed Combat
 + Level 9.3 Invocations
 + Level 9.1 Shapeshifting


You had 11 spell levels left.
You didn't know any spells.
Your spell library contained the following spells:

 Spells                   Type           Power      Damage    Failure   Level
 Shock                    Conj/Air       0%         1d3       65%         1
 Ozocubu's Armour         Ice            0%         N/A       95%         3
 Swiftness                Air            0%         N/A       95%         3
 Tukima's Dance           Hex            0%         N/A       95%         3
 Airstrike                Air            0%         2d(0-16)  100%        4
 Dimensional Bullseye     Hex/Tloc       0%         N/A       100%        4
 Iskenderun's Mystic Bla  Conj/Tloc      0%         2d3       100%        4
 Metabolic Englaciation   Hex/Ice        0%         N/A       100%        5
 Simulacrum               Ice/Necr       0%         N/A       100%        6


Dungeon Overview and Level Annotations

Branches:
Dungeon (10/15)            Temple (1/1) D:7            Lair (2/5) D:9
  Swamp (0/4) Lair:2          Orc (0/2) D:9         Ossuary (visited)
  IceCv (1/1)
  Snake: Lair:2-3    Spider: Lair:2-3

Altars:
Ashenzari
Cheibriados
Dithmenos
Elyvilon
Fedhas
Gozag
Hepliaklqana
Kikubaaqudgha
Makhleb
Nemelex Xobeh
Okawaru
Qazlal
Ru
Sif Muna
Trog
Uskayaw
Vehumet
Wu Jian
Xom
Yredelemnul
Zin
The Shining One

Shops:
D:4 [   D:9 [   D:10 *


Innate Abilities, Weirdness & Mutations

You are something dangerously unstable.
You glow with magical radiation, making you easy to see and hit.
Foes you strike become dangerously contaminated with magical radiation.
You are incapable of wielding weapons or throwing items.
You have razor-sharp teeth.
Your natural rate of healing is unusually fast.
When hurt, damage is shared between your health and your magic reserves.
Your bite disrupts and absorbs the magic of your enemies.
Potions cannot restore your health.


Message History

The ice statue is severely damaged.
You are engulfed in freezing vapours.
You resist.
* * * LOW HITPOINT WARNING * * *
The slime creature hits you but does no damage.
Uskayaw will force your foes to helplessly watch your dance.
Uskayaw prepares the audience for your solo!
The helpless ice statue fails to defend itself.
You punch the ice statue!
The ice statue begins to glow.
You bite the ice statue, but do no damage.
The ice statue is almost destroyed.
The helpless ice statue fails to defend itself.
You hit the ice statue.
The ice statue glows dangerously bright.
You bite the ice statue, but do no damage.
The ice statue is almost destroyed.
The ice beast is no longer paralysed.
The ice beast hits you but does no damage.
The helpless ice statue fails to defend itself.
You hit the ice statue but do no damage.
The ice statue shudders as magic cascades through it.
You bite the ice statue.
The ice statue's magic leaks into the air.
You drain its magic.
You feel invigorated.
The ice statue is almost destroyed.
The ice statue is no longer paralysed.
The slime creature is no longer paralysed.
The ice statue falters for a moment.
The slime creature completely misses you.
The ice beast completely misses you.
You hit the ice statue but do no damage.
The ice statue begins to glow.
You bite the ice statue, but do no damage.
The ice statue is almost destroyed.
The ice beast is no longer paralysed.
The slime creature hits you!
* * * LOW HITPOINT WARNING * * *
You punch the ice statue!
You destroy the ice statue!
The ice beast disappears in a puff of smoke! x2
The slime creature hits you!
You die...

#..##)[##..# ..#
#..# )(#...##...#
##.##..##.......#
#..# #....##..#
### #..# ##..###
.# ##.####.##
#...# # #...##..#
#..## #∩∩.....#
#.§# #...##..#
#.p# ##.####.#
##J.# ### #..#
#§.# #..# #...
##.. #.... ..#
..#... ..#
..#.... ..##..##


You could see a slime creature.

Vanquished Creatures
  A quicksilver ooze (IceCv)
  A catoblepas (Lair:1)
  Erica (D:8)
  A two-headed ogre (D:9)
  3 death yaks (D:9)
  Pikel (D:7)
  7 elephants
  A gargoyle (D:10)
  2 ice statues
  A rime drake (Lair:2)
  3 cane toads
  2 komodo dragons
  A hornet (D:6)
  A troll (D:9)
  3 blink frogs (Lair:1)
  A polar bear (Lair:2)
  A slime creature (IceCv)
  3 wyverns
  2 basilisks (D:9)
  17 yaks
  A steam dragon (D:8)
  Menkaure (D:6)
  8 water moccasins
  2 acid dragons
  7 orc warriors
  A black bear (D:3)
  2 ice beasts (D:6)
  5 ogres
  4 centaurs
  A slime creature simulacrum (IceCv)
  A lemure (D:7)
  7 bullfrogs
  A glowing shapeshifter simulacrum (IceCv)
  A gnoll sergeant (D:5)
  3 scorpions (D:5)
  4 water moccasin zombies (Ossuary)
  7 wights
  6 killer bees
  2 electric eels (D:5)
  4 howler monkeys (D:9)
  2 hounds (D:6)
  2 jellies
  Crazy Yiuf (D:5)
  2 orc priests
  A gnoll bouda (D:6)
  3 iguanas
  2 sleepcaps
  Natasha (thrice) (D:2)
  9 orc wizards
  A shapeshifter simulacrum (IceCv)
  3 mummies
  13 gnolls
  11 adders
  2 shadow imps
  4 white imps
  3 adder zombies (Ossuary)
  2 worms
  4 dart slugs
  41 orcs
  3 endoplasms
  2 giant cockroaches
  4 hobgoblins
  4 jackals (D:4)
  4 quokkas
  10 ball pythons
  5 bats
  4 frilled lizards
  7 gnoll zombies (Ossuary)
  9 goblins
  5 hobgoblin zombies (Ossuary)
  5 kobolds
  5 kobold zombies (Ossuary)
  10 orc zombies (Ossuary)
  8 rats
315 creatures vanquished.

Notes
Turn   | Place    | Note
-------+----------+-------------------------------------------
     0 | D:1      | night the Vine Stalker Shapeshifter began the quest for the
                  | Orb.
     0 | D:1      | Reached XP level 1. HP: 9/9 MP: 2/2
    40 | D:1      | Reached skill level 1 in Fighting
   275 | D:1      | Reached XP level 2. HP: 14/14 MP: 3/3
   869 | D:2      | Reached XP level 3. HP: 18/18 MP: 4/4
   875 | D:2      | HP: 2/18 [gnoll/+0 spear (3)]
   876 | D:2      | Reached skill level 1 in Invocations
   969 | D:1      | Reached XP level 4. HP: 22/22 MP: 3/5
  1039 | D:2      | Noticed Natasha
  1055 | D:2      | Killed Natasha
  1056 | D:2      | Reached skill level 4 in Unarmed Combat
  1122 | D:2      | Reached XP level 5. HP: 26/26 MP: 5/7
  1141 | D:2      | Noticed Natasha
  1155 | D:2      | Killed Natasha
  1156 | D:2      | Reached skill level 2 in Fighting
  1289 | D:2      | Reached skill level 2 in Invocations
  1317 | D:2      | Found a hide-covered altar of Uskayaw.
  1325 | D:2      | Became a worshipper of Uskayaw the Reveller
  1337 | D:2      | Noticed Natasha
  1343 | D:2      | Reached * piety under Uskayaw
  1344 | D:2      | Killed Natasha
  1344 | D:2      | Reached ** piety under Uskayaw
  1349 | D:2      | Reached *** piety under Uskayaw
  1647 | D:3      | Reached XP level 6. HP: 30/30 MP: 8/8
  2284 | D:4      | Noticed a black bear
  2301 | D:3      | Reached **** piety under Uskayaw
  2305 | D:3      | HP: 4/32 [orc/+0 whip (2)]
  2306 | D:3      | Killed a black bear
  2307 | D:3      | Reached skill level 5 in Unarmed Combat
  2307 | D:3      | Reached ***** piety under Uskayaw
  2615 | D:4      | Reached XP level 7. HP: 26/35 MP: 6/10
  2808 | D:4      | Found Azalu's Antique Armour Emporium.
  2961 | D:4      | Bought a pair of runed boots for 165 gold pieces
  3143 | D:5      | Entered Level 5 of the Dungeon
  3147 | D:5      | Found a transporter.
  3162 | D:5      | Found a snail-covered altar of Cheibriados.
  3216 | D:5      | Found a radiant altar of Vehumet.
  3333 | D:5      | Reached skill level 6 in Unarmed Combat
  3435 | D:5      | Found a transporter.
  3557 | D:5      | Gained mutation: You have razor-sharp teeth. [Vine Stalker
                  | growth]
  3557 | D:5      | Reached XP level 8. HP: 40/40 MP: 11/11
  3789 | D:5      | Found a runed translucent door.
  3790 | D:5      | Noticed Crazy Yiuf
  3796 | D:5      | Killed Crazy Yiuf
  4044 | D:6      | Reached skill level 7 in Unarmed Combat
  4110 | D:6      | Reached skill level 5 in Shapeshifting
  4213 | D:4      | Bought a shiny scale mail for 154 gold pieces
  4448 | D:6      | Noticed Menkaure
  4452 | D:6      | Killed Menkaure
  4529 | D:6      | Reached XP level 9. HP: 30/46 MP: 7/13
  4616 | D:6      | Reached skill level 8 in Unarmed Combat
  4623 | D:6      | Reached skill level 5 in Invocations
  4740 | D:6      | Noticed a hornet
  4747 | D:6      | Killed a hornet
  4857 | D:7      | Reached skill level 5 in Fighting
  4930 | D:7      | Found a burning altar of Makhleb.
  4940 | D:7      | Found a shadowy altar of Dithmenos.
  4943 | D:7      | Found a broken altar of Ashenzari.
  4957 | D:7      | Found a shimmering blue altar of Sif Muna.
  5097 | D:7      | Reached skill level 9 in Unarmed Combat
  5136 | D:7      | Noticed Pikel
  5147 | D:7      | Killed Pikel
  5148 | D:7      | Reached XP level 10. HP: 51/51 MP: 15/15
  5269 | D:7      | Found a staircase to the Ecumenical Temple.
  5282 | Temple   | Entered the Ecumenical Temple
  5536 | D:8      | Noticed Erica
  5548 | D:8      | Killed Erica
  5548 | D:8      | Reached ****** piety under Uskayaw
  5641 | D:8      | Found a sand-covered staircase.
  5651 | Ossuary  | Entered an ossuary
  5680 | Ossuary  | Reached skill level 10 in Unarmed Combat
  6641 | D:9      | HP: 6/53 [poisoned by a killer bee]
  6646 | D:9      | HP: 6/53 [poisoned by a killer bee]
  6923 | D:9      | Noticed an ice statue
  6943 | D:9      | Killed an ice statue
  7070 | D:9      | Noticed an elephant
  7083 | D:9      | Killed an elephant
  7102 | D:9      | Reached XP level 11. HP: 47/58 MP: 17/17
  7105 | D:9      | Found a staircase to the Lair.
  7112 | D:9      | Reached skill level 11 in Unarmed Combat
  7156 | D:9      | Noticed a two-headed ogre
  7161 | D:9      | Killed a two-headed ogre
  7280 | D:9      | Found Yfegg's Antique Armour Shoppe.
  7283 | D:9      | Bought a glowing helmet for 217 gold pieces
  7421 | D:9      | Found a staircase to the Orcish Mines.
  7475 | D:10     | Entered Level 10 of the Dungeon
  7505 | D:10     | Found Toseuwn's Elemental Accessories.
  7747 | D:10     | Noticed an orc knight
  7885 | Lair:1   | Entered Level 1 of the Lair of Beasts
  7885 | Lair:1   | Noticed a death yak
  7885 | Lair:1   | Noticed a death yak
  7885 | Lair:1   | Noticed a death yak
  7904 | D:9      | Killed a death yak
  7953 | D:9      | Killed a death yak
  7960 | D:9      | Killed a death yak
  8009 | Lair:1   | Reached skill level 12 in Unarmed Combat
  8148 | Lair:1   | Noticed a catoblepas
  8163 | Lair:1   | Killed a catoblepas
  8217 | Lair:1   | Reached XP level 12. HP: 64/64 MP: 19/19
  8568 | Lair:1   | Reached skill level 13 in Unarmed Combat
  8956 | Lair:2   | Found a frozen archway.
  9006 | IceCv    | Entered an ice cave
  9066 | IceCv    | Noticed a quicksilver ooze
  9077 | IceCv    | Killed a quicksilver ooze
  9228 | IceCv    | HP: 8/65 [ice statue] (5)]
  9229 | IceCv    | HP: 2/65 [ice statue] (6)]
  9234 | IceCv    | Mangled by a slime creature

Illustrated notes

Levels and vault maps discovered:
D:1:      scummos_arrival_gate, layout_loops_ring, grunt_decor_fettered
D:2:      layout_rooms, basic_altar, uniq_natasha
D:3:      kb_forest_paths, layout_basic, due_unseen_surprise
D:4:      layout_loops_ring, serial_shops, nicolae_shop_peninsula
D:5:      gammafunk_steamed_eel, layout_loops_cross,
          mainiacjoe_overflow_catch_the_wave, serial_glass, glass_columns_c,
          glass_columns_c, nrook_mini_backslash, uniq_crazy_yiuf_cottage
D:6:      layout_basic, uniq_menkaure
D:7:      layout_basic, grunt_temple_overflow_cloverleaf,
          minmay_temple_entry_gardened_gates, uniq_pikel
D:8:      layout_basic, gup_ossuary_entry_pyramid, uniq_erica
D:9:      layout_long_grid, david_lair_generic, david_orc_4, serial_shops,
          nicolae_shop_tiny_real_fake_doors, minivault_16,
          minmay_misc_feat_columns
D:10:     layout_gridville, nicolae_elemental_shop
Temple:   nicolae_temple_elliptical
Lair:1:   layout_roguey, lemuel_fruit_tree, grunt_megastairs_4,
          infiniplex_staircase_pool
Lair:2:   beast_lair_carwin_large_2, layout_cave_pods, palyth_hydra_swamp_entry,
          portal_ice_cave_entry_pillars_2, small_statue_intersection,
          uniq_maggie
IceCv:    ice_cave_hellmonk_azure_passage

Skill      XL: |  1  2  3  4  5  6  7  8  9 10 11 12 |
---------------+-------------------------------------+-----
Fighting       | 1 2 3 4 5 6 7 8 |  8.5
Invocations    | 1 2 3 4 6 7 8 9 |  9.3
Unarmed Combat | 4 5 6 7 9 10 12 13 | 13.4
Shapeshifting  | 4 5 6 7 8 9 |  9.1
Dodging        | |  1.5

Action                     |  1- 3 |  4- 6 |  7- 9 | 10-12 || total
---------------------------+-------+-------+-------+-------++-------
  Melee: Unarmed           |    61 |   165 |   188 |   500 ||   914
         Bite              |     8 |    43 |    68 |   205 ||   324
         Punch             |       |     7 |     4 |       ||    11
Ability: Begin Untransform |       |       |     2 |     1 ||     3
  Evoke: Wand              |       |       |     5 |     1 ||     6
    Use: Scroll            |       |       |     9 |     8 ||    17
         Potion            |       |       |       |     1 ||     1
   Stab: Paralysed         |       |     3 |    14 |    40 ||    57
 Armour: Animal skin       |    11 |       |       |       ||    11
         Scale mail        |    37 |   131 |    76 |   298 ||   542
         Leather armour    |       |       |    33 |       ||    33
  Dodge: Dodged            |    34 |    82 |    58 |   139 ||   313
  Block: Other             |       |     5 |     6 |    33 ||    44
         Buckler           |       |       |    46 |    81 ||   127
         Reflection        |       |       |       |     4 ||     4
   Form: Beast             |       |       |     2 |       ||     2
         Flux              |       |       |       |     1 ||     1

Table legend: (Time is in decaauts)
 A = Elapsed time spent in this place.
 B = Non-inter-level travel time spent in this place.
 C = Inter-level travel time spent in this place.
 D = Time resting spent in this place.
 E = Time spent auto-exploring this place.
 F = Levels seen in this place.
 G = Mean time per level.
                   A        B        C        D        E       F      G
               +--------+--------+--------+--------+--------+-----+--------+
         Total |   9124 |   8612 |    512 |    402 |   6162 |  15 |  608.3 |
       Dungeon |   7735 |   7273 |    462 |    270 |   5399 |  10 |  773.5 |
        Temple |      1 |      1 |      0 |      0 |      0 |   1 |    1.0 |
          Lair |    996 |    946 |     50 |     13 |    639 |   2 |  498.0 |
       Ossuary |    170 |    170 |      0 |      0 |     87 |   1 |  170.0 |
      Ice Cave |    220 |    220 |      0 |    119 |     37 |   1 |  220.0 |
               +--------+--------+--------+--------+--------+-----+--------+

Top non-repeatable levels by time:
     D:9: 1048 daAuts
     D:4: 959 daAuts
  Lair:1: 918 daAuts
     D:1: 909 daAuts
     D:5: 858 daAuts
     D:8: 830 daAuts
     D:3: 722 daAuts
     D:6: 706 daAuts
     D:7: 698 daAuts
     D:2: 656 daAuts
    D:10: 344 daAuts
   IceCv: 220 daAuts
 Ossuary: 170 daAuts
  Lair:2: 78 daAuts
  Temple: 1 daAuts
